cohdb
Replays
Latest Replays
All Replays
Popular Replays
Top Player Replays
Match Explorer
How It Works
Community
CoH3 Stats
Reddit
Sign in to upload your games and track your stats! →
Sign in with Steam
nvm I got rekted
Match 10252082
Overview
Messages
Build Orders
End
Construct Barracks
Selects Armored Battlegroup
Selects Veteran Crews
Selects Fast Deploy
1⁄4-ton 4x4 Truck
Riflemen Squad
Riflemen Squad
Riflemen Squad
Infantry Support Center
Construct Motor Pool
Selects M31 Recovery Vehicle
M8 Greyhound Armored Car
M24 Chaffee Light Tank
Selects War Machine
M24 Chaffee Light Tank
Engineer Squad
Construct Medical Station
M1918 Browing Automatic Rifles
M1 Mortar Team
Riflemen Squad
Munitions Surplus
Selects Seek and Destroy
Riflemen Squad
M24 Chaffee Light Tank
Riflemen Squad
Grenade Package
Selects M4A3E8 Sherman Combat Group
M4A3E8 Sherman Combat Group
M24 Chaffee Light Tank
M24 Chaffee Light Tank
M24 Chaffee Light Tank
Seek and Destroy
M24 Chaffee Light Tank
Riflemen Squad
Seek and Destroy
M4A3E8 Sherman Combat Group
M24 Chaffee Light Tank
M24 Chaffee Light Tank
oki
msw.*****
0
0
Comments
sign in to comment!
No comments posted yet!